Map: Sequencer LE

Players

Kelazhur

  • Race: Terran Terran
  • Spawn Location: 7:00

uThermal - Winner!

  • Race: Terran Terran
  • Spawn Location: 1:00

Event: WCS Jonkoping 2017

VOD

Have the link to the VOD?

Description

Time

  • Played on: June 17, 2017, 3:16 p.m.
  • Length: 16:03

All games in this series

Show
View Real Time Build Order
Export as new Build Order

Kelazhur Terran 

Build Orders: Reaper Expand, Bio Tank 

Get SALT Encoding   

  12  0:00  SCV  
  13  0:13  SCV  
  14  0:18  Supply Depot  
  14  0:25  SCV  
  15  0:43  Barracks  
  15  0:45  Refinery  
  15  0:48  SCV  
  16  1:00  SCV  
  17  1:13  SCV  
  19  1:29  Orbital Command  
  19  1:30  Reaper  
  19  1:49  Command Center  
  19  1:56  SCV  
  20  2:02  Barracks Reactor  
  20  2:05  Refinery  
  20  2:08  SCV  
  21  2:12  Supply Depot  
  21  2:20  SCV  
  22  2:26  Factory  
  22  2:32  SCV  
  23  2:38  Marine x2  
  25  2:44  SCV  
  26  2:56  Marine x2, SCV  
  29  3:02  Orbital Command  
  29  3:09  Starport  
  29  3:14  Cyclone  
  29  3:18  Marine  
  33  3:21  SCV  
  33  3:22  Marine  
  33  3:23  Orbital Command  
  35  3:36  Marine  
  35  3:40  Marine  
  37  3:46  Viking  
  37  3:47  Factory Tech Lab  
  40  3:48  SCV  
  40  3:56  Marine  
  40  3:57  Supply Depot  
  40  3:58  Marine  
  40  3:59  SCV  
  43  4:08  SCV  
  44  4:11  SCV  
  46  4:20  SCV  
  46  4:25  Barracks  
  46  4:26  SCV, Starport Reactor  
  46  4:29  Supply Depot  
  47  4:34  SCV  
  47  4:37  Marine  
  47  4:38  Stimpack  
  49  4:39  SCV, Factory Tech Lab  
  49  4:43  Refinery  
  49  4:46  SCV  
  49  4:49  Supply Depot  
  49  4:52  SCV  
  51  4:55  Marine  
  51  4:58  Siege Tank, SCV  
  56  5:04  SCV, Engineering Bay x2  
  57  5:08  Supply Depot  
  57  5:10  SCV  
  58  5:16  Marine x3  
  58  5:21  SCV  
  62  5:22  Barracks  
  62  5:23  SCV  
  63  5:30  Siege Tank  
  63  5:32  Medivac  
  63  5:33  Medivac  
  70  5:36  SCV  
  70  5:38  SCV  
  70  5:41  Supply Depot  
  72  5:42  Marine  
  72  5:43  Marine x2  
  72  5:48  SCV  
  76  5:50  SCV  
  76  5:52  Terran Infantry Armor Level 1, Terran Infantry Weapons Level 1  
  77  6:00  Marine  
  77  6:02  Marine x2, Refinery  
  77  6:03  SCV x2  
  82  6:04  Supply Depot  
  82  6:10  Siege Tank  
  85  6:19  SCV  
  85  6:20  Barracks  
  85  6:22  Barracks, Supply Depot  
  85  6:23  Starport Reactor  
  86  6:26  SCV, Marine, Supply Depot  
  86  6:28  Marine  
  86  6:30  Marine  
  86  6:31  Marine  
  86  6:32  Marine  
  89  6:40  Combat Shields  
  89  6:43  Siege Tank  
  92  6:48  Marine x3  
  95  6:56  Marine x2  
  95  6:58  SCV x2  
  89  7:06  Marine  
  90  7:10  Marine x2  
  90  7:12  Barracks Reactor x2  
  90  7:14  Marine  
  93  7:17  SCV x2, Armory  
  93  7:20  Supply Depot  
  93  7:22  Marine  
  96  7:23  Siege Tank  
  96  7:24  Marine  
  99  7:30  SCV, Marine x2  
  99  7:32  Marine  
  103  7:42  Command Center  
  103  7:45  Medivac  
  103  7:48  Medivac  
  103  7:49  Marine  
  105  8:03  SCV, Marine x2  
  104  8:14  Siege Tank, Marine  
  104  8:15  Medivac  
  104  8:16  Marine x2  
  104  8:17  Marine  
  104  8:18  Medivac, Terran Infantry Weapons Level 2  
  115  8:23  Marine  
  116  8:29  Marine  
  116  8:30  Marine x2  
  116  8:32  SCV  
  117  8:36  SCV  
  117  8:40  Terran Infantry Armor Level 2  
  118  8:42  Marine  
  118  8:44  Marine  
  118  8:46  Siege Tank  
  123  8:52  Marine  
  123  8:53  Marine  
  125  8:56  Orbital Command  
  125  8:58  SCV x2, Marine  
  120  9:02  Marine  
  120  9:03  Marine x2  
  120  9:05  Marine  
  120  9:07  Marine x2  
  120  9:09  Marine  
  126  9:12  Medivac  
  126  9:15  Medivac  
  133  9:18  Marine, Refinery  
  133  9:20  Marine  
  130  9:34  Marine  
  130  9:36  Marine x7  
  130  9:37  Siege Tank  
  134  9:49  Marine, Medivac x2  
  134  9:51  Marine  
  140  9:53  Marine  
  140  9:55  Factory  
  141  10:08  Supply Depot  
  141  10:10  Terran Vehicle Weapons Level 1, Supply Depot  
  141  10:11  Supply Depot  
  141  10:12  Command Center  
  141  10:29  Siege Tank, Marine, Medivac x2  
  141  10:31  Marine  
  141  10:33  Marine, Supply Depot  
  141  10:34  Supply Depot  
  151  10:36  Marine, Supply Depot  
  151  10:37  Marine  
  151  10:38  Marine  
  151  10:41  Terran Infantry Weapons Level 3  
  151  10:42  Marine  
  155  10:52  Marine x2  
  155  10:53  Marine x3  
  155  10:54  Marine x2  
  162  10:59  Medivac  
  162  11:01  Supply Depot  
  162  11:06  Terran Infantry Armor Level 3  
  155  11:15  Siege Tank  
  155  11:18  Marine x8  
  159  11:23  Factory Tech Lab  
  166  11:27  Planetary Fortress  
  138  11:42  Marine  
  138  11:43  Marine x6  
  131  11:47  Siege Tank  
  131  11:51  Marine x2  
  136  12:00  Marine  
  136  12:01  Marine x3  
  140  12:02  Marine, Barracks  
  140  12:03  Barracks  
  141  12:08  Marine  
  141  12:09  Marine x3  
  145  12:16  Siege Tank  
  145  12:18  Marine  
  145  12:19  Siege Tank  
  143  12:34  Marine  
  143  12:36  Marine  
  143  12:37  Marine x7  
  117  12:47  Viking x2  
  117  12:48  Siege Tank, Marine  
  117  12:49  Marine  
  126  12:51  Siege Tank  
  126  12:52  Marine  
  126  12:54  Marine x3  
  133  13:05  Marine x5  
  132  13:07  Marine  
  132  13:11  Marine  
  134  13:13  Marine x4  
  134  13:17  Viking x2  
  142  13:20  Siege Tank  
  142  13:22  Marine  
  142  13:23  Marine x3  
  149  13:30  Marine  
  149  13:31  Marine x3  
  149  13:34  Siege Tank, Marine  
  155  13:40  Marine  
  157  13:44  Terran Vehicle Weapons Level 2  
  157  13:45  Marine x2  
  157  13:46  Marine x3  
  162  13:48  Marine  
  162  13:49  Marine  
  162  13:50  Viking  
  166  13:56  Marine  
  166  14:00  Marine  
  161  14:05  Medivac  
  161  14:14  Marine x3  
  161  14:15  Marine x2  
  166  14:19  Sensor Tower  
  166  14:20  Medivac  
  166  14:26  Siege Tank  
  166  14:31  Marine  
  154  14:35  Marine  
  154  14:36  Marine x9  
  137  14:48  Marine  
  129  14:53  Marine  
  129  14:54  Marine x6  
  129  15:01  Marine  
  129  15:08  Marine x3  
  129  15:11  Marine x3  
  132  15:16  Marine  
  117  15:21  Marine  
  114  15:31  Marine x2  
Show
View Real Time Build Order
Export as new Build Order

uThermal Terran - Winner!

Build Orders: 1/1/1, Cyclone Opening, MMM Bio 

Get SALT Encoding   

  12  0:01  SCV  
  13  0:14  SCV  
  14  0:17  Supply Depot  
  14  0:26  SCV  
  15  0:39  SCV  
  15  0:40  Refinery  
  16  0:48  Barracks  
  16  0:53  SCV  
  17  1:04  Refinery  
  17  1:05  SCV  
  18  1:19  SCV  
  19  1:35  Orbital Command, Reaper  
  20  1:45  Factory  
  20  1:53  Supply Depot  
  20  2:00  SCV  
  21  2:07  Reaper  
  22  2:12  SCV  
  23  2:25  SCV  
  23  2:28  Hellion  
  23  2:29  Starport  
  27  2:37  SCV, Supply Depot  
  27  2:40  Barracks Tech Lab  
  27  2:49  SCV, Cyclone  
  31  3:02  SCV  
  32  3:13  Raven  
  32  3:14  SCV  
  34  3:26  Command Center  
  34  3:31  Cyclone  
  37  3:39  Supply Depot  
  37  3:40  SCV  
  38  3:43  Barracks Reactor  
  38  3:52  SCV  
  39  4:01  Viking  
  41  4:04  SCV  
  41  4:05  Supply Depot  
  41  4:07  Factory Tech Lab  
  42  4:16  SCV  
  43  4:20  Marine  
  43  4:21  Marine  
  45  4:29  SCV  
  46  4:34  Raven  
  48  4:38  Orbital Command  
  48  4:39  Marine x2  
  48  4:41  SCV  
  51  4:51  Command Center  
  51  4:53  SCV  
  51  4:56  Marine  
  51  4:57  Marine  
  54  5:04  SCV  
  54  5:05  SCV  
  56  5:14  Engineering Bay  
  56  5:16  SCV, Engineering Bay  
  56  5:17  SCV  
  56  5:20  Refinery  
  58  5:22  Refinery  
  58  5:25  Viking  
  60  5:30  SCV x2  
  60  5:34  Siege Tank  
  65  5:39  Supply Depot  
  65  5:42  SCV x2  
  66  5:43  Terran Infantry Weapons Level 1  
  66  5:48  Terran Infantry Armor Level 1, Marine  
  68  5:54  SCV  
  69  5:58  Stimpack  
  69  6:00  SCV  
  69  6:02  Orbital Command  
  70  6:06  Marine, SCV  
  70  6:08  Viking  
  74  6:12  SCV  
  74  6:14  Viking  
  77  6:19  Barracks  
  77  6:23  Barracks  
  77  6:25  Marine  
  78  6:28  SCV  
  78  6:30  SCV  
  80  6:35  Supply Depot  
  77  6:40  SCV  
  77  6:41  Siege Tank  
  77  6:42  SCV  
  77  6:45  Viking  
  84  6:49  Orbital Command  
  84  6:50  Viking  
  84  6:52  SCV  
  87  6:56  Marine  
  87  7:00  SCV  
  89  7:03  Armory  
  89  7:09  Barracks Reactor  
  89  7:10  SCV  
  89  7:12  Sensor Tower  
  89  7:13  Refinery, SCV, Sensor Tower  
  91  7:16  Barracks Reactor  
  91  7:17  Refinery  
  91  7:18  SCV  
  91  7:26  Siege Tank  
  91  7:27  SCV x2  
  91  7:29  Marine  
  97  7:30  SCV  
  97  7:32  Supply Depot  
  97  7:39  SCV x2  
  97  7:42  SCV, Supply Depot  
  100  7:47  Marine, Barracks  
  100  7:49  Barracks  
  101  7:53  Marine, Medivac x2  
  101  7:54  SCV x2  
  108  7:59  Marine  
  108  8:03  Marine  
  110  8:06  Marine  
  110  8:10  Siege Tank  
  111  8:13  Marine  
  111  8:16  Marine  
  111  8:18  Terran Infantry Weapons Level 2  
  111  8:19  Supply Depot  
  113  8:20  Orbital Command  
  113  8:25  Orbital Command  
  113  8:28  Terran Infantry Armor Level 2  
  113  8:30  Marine  
  113  8:34  Marine  
  113  8:38  Marine  
  113  8:40  Combat Shields  
  115  8:42  Marine, Terran Vehicle Weapons Level 1  
  115  8:45  SCV  
  117  8:54  Marine x2  
  117  8:55  SCV, Marine  
  121  8:57  Marine  
  121  9:00  Marine  
  121  9:01  Supply Depot  
  123  9:05  Supply Depot  
  123  9:09  Barracks Reactor x2  
  121  9:11  Medivac, Supply Depot  
  121  9:12  Marine x2  
  125  9:19  Sensor Tower  
  125  9:21  Supply Depot  
  125  9:26  Medivac  
  125  9:27  Siege Tank  
  125  9:29  Marine  
  125  9:30  Marine  
  128  9:32  Marine  
  128  9:33  Marine x2  
  128  9:35  Liberator  
  128  9:39  Liberator  
  128  9:45  Marine  
  129  9:47  Marine  
  129  9:48  Marine  
  129  9:49  Supply Depot  
  129  9:50  Marine x3  
  129  9:52  Factory  
  140  10:00  Marine  
  140  10:01  Marine, Supply Depot  
  140  10:02  Marine  
  140  10:05  Marine  
  140  10:06  Marine  
  145  10:10  Marine  
  146  10:14  Marine  
  146  10:15  Marine  
  146  10:18  Marine  
  149  10:22  Marine x2  
  149  10:23  Supply Depot  
  149  10:24  Marine x2, Supply Depot  
  149  10:25  Marine  
  149  10:28  Marine  
  153  10:32  Marine  
  153  10:33  Marine  
  90  10:35  Medivac  
  155  10:37  Factory Tech Lab  
  155  10:39  Marine, Medivac  
  160  10:44  Marine  
  160  10:49  Marine x2, Supply Depot  
  163  10:51  Supply Depot  
  163  10:52  Marine  
  163  10:53  Marine  
  165  10:58  Marine x2  
  165  10:59  Marine x2  
  169  11:06  Marine x2  
  169  11:10  Siege Tank  
  174  11:11  Marine  
  174  11:18  Marine  
  176  11:19  Siege Tank, Marine x2  
  176  11:23  Supply Depot  
  181  11:26  Marine  
  181  11:32  Marine  
  159  11:41  Marine  
  159  11:42  Siege Tank, Marine  
  159  11:43  Marine x2  
  159  11:44  Marine  
  159  11:45  Marine x2  
  167  11:49  Marine  
  167  11:50  Marine  
  167  11:51  Siege Tank  
  172  11:57  Terran Infantry Armor Level 3  
  172  11:59  Marine  
  173  12:02  Marine  
  173  12:03  Marine  
  173  12:05  Marine  
  176  12:12  Marine x2  
  176  12:13  Command Center  
  176  12:15  Siege Tank  
  179  12:17  Marine x3  
  182  12:23  Terran Infantry Weapons Level 3  
  144  12:37  Marine  
  144  12:38  Siege Tank, Marine  
  144  12:39  Marine x2, Medivac  
  144  12:40  Marine x3  
  144  12:43  Marine x2  
  158  12:48  Siege Tank  
  161  12:55  Marine  
  161  12:56  Marine  
  161  12:57  Marine x4  
  167  13:00  Medivac  
  167  13:04  Marine  
  167  13:05  Marine x2  
  171  13:10  Siege Tank  
  175  13:13  Marine  
  175  13:14  Marine  
  175  13:15  Marine x3  
  180  13:20  Marine  
  180  13:27  Marine  
  181  13:29  Marine, Medivac  
  181  13:30  Medivac  
  184  13:37  Marauder, Marine  
  184  13:39  Marine x3  
  190  13:43  Marine  
  190  13:45  Siege Tank  
  190  13:48  Marine  
  192  13:49  Marine  
  194  13:55  Marine  
  194  13:56  Marine  
  194  13:59  Marauder  
  194  14:02  Marine  
  196  14:04  Marine  
  196  14:05  Marine  
  196  14:06  Marine  
  196  14:07  Marine  
  199  14:17  Marine  
  191  14:31  Marine  
  191  14:32  Marauder  
  181  14:41  Siege Tank, Marine  
  181  14:42  Marine  
  181  14:44  Marine, Medivac x2  
  191  14:49  Marine  
  191  14:52  Marine x2  
  193  14:53  Marauder, Marine x2  
  193  14:59  Marine x2  
  196  15:01  Siege Tank  
  196  15:03  Planetary Fortress  
  196  15:04  Marine  
  196  15:06  Marine  
  197  15:09  Marine  
  197  15:10  Marine  
  197  15:11  Marine  
  200  15:24  Marine x2  
  200  15:27  Marine x2  
  200  15:39  Command Center  
Tags
 
Add a new tag
Caveats
  • Supply blocks, unpowered buildings, or Contaminate may cause inaccurate times.
  • Supply counts are checked every 10 seconds.